 Dungeon Crawl Stone Soup version 0.29.1-12-g30fa7ad0bf (webtiles) character file.

Game seed: 9389642689390868631

2772 bubby the Magician (level 9, 0/68 HPs)
             Began as a Demonspawn Hedge Wizard on Jan 12, 2023.
             Was an Initiate of Dithmenos.
             Shot with an arrow by a centaur (12 damage)
             ... on level 7 of the Dungeon.
             The game lasted 00:35:17 (10664 turns).

bubby the Magician (Demonspawn Hedge Wizard)       Turns: 10664, Time: 00:35:18

Health: 0/68       AC:  4    Str: 12    XL:     9   Next: 42%
Magic:  17/17      EV: 14    Int: 19    God:    Dithmenos [......]
Gold:   349        SH:  5    Dex: 16    Spells: 15/19 levels left

rFire   x . .      SeeInvis .   h - +0 dagger (speed)
rCold   + . .      Faith    .   (no shield)
rNeg    . . .      Spirit   .   b - +0 robe
rPois   .          Reflect  +   t - +0 helmet
rElec   .          Harm     .   (no cloak)
rCorr   +          Rampage  .   (no gloves)
Will    .....                   a - +0 pair of boots
Stlth   +++.......              v - amulet of reflection
HPRegen 0.21/turn               n - ring of wizardry
MPRegen 0.15/turn               A - ring of Suspicion {Ice rCorr Str+2}

@: invisible
A: powered by death 1, spiny 2, big brain 1, demonic touch 2
a: Renounce Religion


You were on level 7 of the Dungeon.
You worshipped Dithmenos.
Dithmenos was noncommittal.
You visited 1 branch of the dungeon, and saw 7 of its levels.

You collected 349 gold pieces.

Inventory:

Hand Weapons
 h - a +0 dagger of speed (weapon)
 k - a +0 vampiric short sword
Armour
 a - a +0 pair of boots (worn)
 b - a +0 robe (worn)
 t - a +0 helmet (worn)
Jewellery
 n - a ring of wizardry (left hand)
 v - an amulet of reflection (around neck)
 A - the ring of Suspicion (right hand) {Ice rCorr Str+2}
   (You found it on level 6 of the Dungeon)

   [ring of ice]

   It enhances your ice magic.
   Str:       It affects your strength (+2).
   rF:        It makes you vulnerable to fire.
   rC:        It protects you from cold.
   rCorr:     It protects you from acid and corrosion.
Wands
 l - a wand of paralysis (7)
 s - a wand of flame (21)
Scrolls
 c - a scroll of noise {unknown}
 g - a scroll of summoning {unknown}
 i - a scroll of magic mapping {unknown}
 p - 5 scrolls of teleportation {unknown}
 q - 4 scrolls of fear {unknown}
 r - a scroll of identify
 y - a scroll of fog {unknown}
 z - a scroll of amnesia {unknown}
Potions
 d - a potion of magic
 e - 4 potions of haste
 f - 2 potions of lignification
 j - 3 potions of curing
 m - 2 potions of ambrosia
 u - a potion of brilliance
 B - a potion of attraction {unknown}


   Skills:
 + Level 5.1 Fighting
 + Level 4.6 Short Blades
 + Level 5.0 Dodging
 + Level 5.4 Stealth
 + Level 5.7 Spellcasting
 + Level 5.3 Conjurations
 - Level 1.1 Summonings
 - Level 1.0 Translocations


You had 15 spell levels left.
You knew the following spells:

 Your Spells              Type           Power      Damage    Failure   Level
a - Magic Dart            Conj           100%       1d8       1%          1
b - Blink                 Tloc           18%        N/A       4%          2
c - Slow                  Hex            20%        N/A       4%          1

Your spell library contained the following spells:

 Spells                   Type           Power      Damage    Failure   Level
 Apportation              Tloc           18%        N/A       3%          1
 Summon Small Mammal      Summ           36%        N/A       3%          1
 Freeze                   Ice            32%        1d5       4%          1
 Necrotise                Necr           20%        1d5       4%          1
 Call Imp                 Summ           9%         N/A       4%          2
 Conjure Flame            Conj/Fire      15%        6-21      4%          3
 Mephitic Cloud           Conj/Pois/Air  12%        N/A       7%          3
 Frozen Ramparts          Ice            16%        1d3       14%         3
 Hailstorm                Conj/Ice       23%        3d7       16%         4
 Summon Forest            Summ/Tloc      4%         N/A       61%         5
 Summon Mana Viper        Hex/Summ       7%         N/A       67%         5
 Summon Cactus Giant      Summ           4%         N/A       98%         6


Dungeon Overview and Level Annotations

Branches:
Dungeon (7/15)             Temple (0/1) D:6

Altars:
Dithmenos
Fedhas
Qazlal
Ru
Sif Muna
Yredelemnul

Portals:
Bailey: D:7

Annotations:
D:4 need flying
D:5 2 transporters, Feihao's ghost, novice GrFi
D:6 1 runed translucent door, JayGG's ghost, novice MiBe


Innate Abilities, Weirdness & Mutations

You regenerate a little health from kills.
You are mostly covered in sharp spines.
You have an unusually large brain. (Int +2)
Your touch may inflict irresistible damage on your foes.


Message History

A centaur comes into view.
Found an escape hatch in the ceiling.
You hear the faint creaking of a distant portcullis.
The helpless centaur fails to defend itself.
You spit the centaur like a pig!!!
You kill the centaur!
Dithmenos accepts your kill.
An orc priest comes into view.
It is wielding a +0 mace. 3 orcs come into view.
An orc is wielding a +0 whip of draining.
The orc priest shouts!
The orc shouts! x2; You hear a shout! x2
The orc priest looks encouraged for a moment.
A centaur comes into view.
The orc priest calls down the wrath of Beogh upon you.
Beogh smites you!
You see here a +0 shortbow.
The centaur wields a +0 shortbow.
The centaur shoots an arrow.
The arrow misses you.
The centaur shoots an arrow.
The arrow hits you.
The centaur shoots an arrow.
The arrow hits you!
The centaur shoots an arrow.
The arrow hits you.
The centaur shoots an arrow.
The arrow hits you!
The centaur shoots an arrow.
The arrow hits you!
* * * LOW HITPOINT WARNING * * *
A hound comes into view.
The helpless hound fails to defend itself.
You perforate the hound like a sieve!!!
You kill the hound!
Dithmenos accepts your kill.
The orc priest calls down the wrath of Beogh upon you.
Beogh smites you!
* * * LOW HITPOINT WARNING * * *
You fade into invisibility!
The centaur shoots an arrow.
The arrow hits the orc.
The centaur shoots an arrow.
The arrow hits the orc!
The orc dies!
The centaur shoots an arrow.
The centaur shoots an arrow.
The centaur shoots an arrow.
The arrow hits you!
You die...

##............# #....#.#.#
#.###).......###############.#.#
### ##.......oo.c....# #.#.#
#.......#######o# #[#.#
######### #c# ..#.. #.# #.#####
#.# ....... ##########.# ..#####
#....@...c.# #....
#.############# #.#.. ... #.#.#
####.##.#.# ......#.... #....#.#
#..#.#.. ##.#.### #.#.###


You could see a centaur (unable to see you).

Vanquished Creatures
  Grinder (D:3)
  Sigmund (D:3)
  An ice beast (D:5)
  3 sky beasts
  A black bear (D:6)
  2 ogres (D:6)
  2 centaurs
  A kobold brigand (D:6)
  3 bullfrogs
  A necrophage (D:6)
  4 scorpions
  8 wights (D:6)
  2 electric eels (D:6)
  3 hounds
  A gnoll bouda (D:4)
  2 jellies
  3 iguanas
  4 orc wizards
  5 gnolls (D:4)
  9 adders
  2 shadow imps (D:6)
  A white imp (D:5)
  A worm (D:2)
  3 dart slugs
  16 orcs
  8 bats
  8 endoplasms
  2 giant cockroaches
  8 goblins
  8 hobgoblins
  6 jackals (D:1)
  13 kobolds
  3 quokkas
  12 ball pythons
  4 frilled lizards
  5 rats
157 creatures vanquished.

Vanquished Creatures (others)
  An orc (D:7)
  47 plants (D:6)
  2 withered plants (D:6)
50 creatures vanquished.

Grand Total: 207 creatures vanquished

Notes
Turn   | Place    | Note
-------+----------+-------------------------------------------
     0 | D:1      | bubby the Demonspawn Hedge Wizard began the quest for the
                  | Orb.
     0 | D:1      | Reached XP level 1. HP: 13/13 MP: 4/4
    63 | D:1      | Reached skill level 1 in Translocations
   750 | D:1      | Gained mutation: Your touch may inflict minor irresistible
                  | damage on your foes. [demonic ancestry]
   750 | D:1      | Reached XP level 2. HP: 19/19 MP: 6/6
  1607 | D:1      | Gained mutation: You have an unusually large brain. (Int
                  | +2) [demonic ancestry]
  1607 | D:1      | Reached XP level 3. HP: 25/25 MP: 5/7
  2402 | D:1      | Reached skill level 1 in Fighting
  3246 | D:2      | Reached skill level 1 in Short Blades
  3484 | D:2      | Gained mutation: You are partially covered in sharp spines.
                  | [demonic ancestry]
  3484 | D:2      | Reached XP level 4. HP: 32/32 MP: 2/9
  3579 | D:3      | Noticed Sigmund
  3636 | D:3      | Noticed a scorpion
  3718 | D:3      | Found a sacrificial altar of Ru.
  3965 | D:3      | Noticed Grinder
  3972 | D:3      | Paralysed by Grinder for 4 turns
  4189 | D:3      | Paralysed by Grinder for 3 turns
  4200 | D:3      | Paralysed by Grinder for 5 turns
  4207 | D:3      | Killed Grinder
  4208 | D:3      | Gained mutation: You regenerate a little health from kills.
                  | [demonic ancestry]
  4208 | D:3      | Reached XP level 5. HP: 18/38 MP: 1/10
  4208 | D:3      | Gained mutation: Your touch may inflict irresistible damage
                  | on your foes. [demonic ancestry]
  4208 | D:3      | Reached XP level 6. HP: 21/44 MP: 1/11
  4883 | D:3      | Found a faded altar of an unknown god.
  5154 | D:3      | Killed Sigmund
  5155 | D:3      | Reached XP level 7. HP: 19/51 MP: 10/13
  5432 | D:4      | Learned a level 2 spell: Blink
  6436 | D:4      | Found a shimmering blue altar of Sif Muna.
  6927 | D:4      | Found a stormy altar of Qazlal.
  7278 | D:5      | Entered Level 5 of the Dungeon
  7424 | D:5      | Noticed Feihao's ghost (novice GrFi)
  7431 | D:5      | Found a transporter.
  7635 | D:5      | Reached XP level 8. HP: 25/58 MP: 14/14
  8122 | D:5      | Found a transporter.
  8633 | D:6      | Reached skill level 5 in Spellcasting
  8722 | D:6      | Found a staircase to the Ecumenical Temple.
  8838 | D:6      | Learned a level 1 spell: Slow
  9382 | D:6      | Reached skill level 5 in Stealth
  9382 | D:6      | Gained mutation: You are mostly covered in sharp spines.
                  | [demonic ancestry]
  9382 | D:6      | Reached XP level 9. HP: 66/66 MP: 13/16
  9400 | D:6      | Found a runed translucent door.
  9402 | D:6      | Noticed JayGG's ghost (novice MiBe)
  9662 | D:6      | Identified the ring of Suspicion {Ice rCorr Str+2}
  9983 | D:6      | Reached skill level 5 in Conjurations
 10090 | D:6      | Found a blossoming altar of Fedhas.
 10175 | D:6      | Found a shadowy altar of Dithmenos.
 10191 | D:6      | Became a worshipper of Dithmenos the Shadowed
 10516 | D:7      | Found a flagged portal.
 10519 | D:7      | Found a basalt altar of Yredelemnul.
 10529 | D:7      | Reached skill level 5 in Fighting
 10546 | D:7      | Reached skill level 5 in Dodging
 10664 | D:7      | Shot with an arrow by a centaur

Illustrated notes

Levels and vault maps discovered:
D:1:      nzn_arrival_depleted_hourglass, layout_basic, amethyst_killhole,
          minmay_hedge_maze
D:2:      layout_basic
D:3:      layout_rooms, nicolae_ru_sacrificial_ziggurat,
          hellmonk_ecumenical_altar_crossroads, grunt_decor_fettered,
          uniq_grinder, uniq_sigmund
D:4:      layout_basic, led_sif_book, mainiacjoe_overflow_six_doors_small
D:5:      layout_gridville, gammafunk_ghost_stat_death, serial_glass,
          glass_columns_c, glass_columns_a, minmay_strange_pillars,
          due_unseen_surprise, minmay_strange_pillars
D:6:      layout_loops_ring, mainiacjoe_overflow_alcove_2,
          fedhas_altar_decomposition, minmay_temple_entry_glassed_door,
          gammafunk_ghost_grave, serial_bayou_lagoon_a
D:7:      layout_basic, nicolae_overflow_hidden_temple, enter_bailey_2,
          nicolae_shop_firing_range

Skill      XL: |  1  2  3  4  5  6  7  8  9 |
---------------+----------------------------+-----
Translocations | 1 |  1.0
Stealth        | 2 3 4 5 |  5.4
Dodging        | 2 3 4 5 |  5.0
Fighting       | 1 2 3 4 5 |  5.1
Short Blades   | 1 2 3 4 |  4.6
Conjurations   | 2 3 4 5 |  5.3
Spellcasting   | 4 5 |  5.7
Summonings     | |  1.1

Action                   |  1- 3 |  4- 6 |  7- 9 || total
-------------------------+-------+-------+-------++-------
Melee: Dagger            |    61 |       |   104 ||   165
       Punch             |     1 |       |     1 ||     2
       Touch             |     7 |    11 |    35 ||    53
       Short sword       |     6 |    35 |    91 ||   132
 Cast: Magic Dart        |   122 |    47 |   215 ||   384
       Slow              |       |       |     7 ||     7
       Blink             |       |       |     1 ||     1
  Use: Potion            |       |     3 |     2 ||     5
       Scroll            |       |     2 |     3 ||     5
 Stab: Sleeping          |     1 |     3 |     4 ||     8
Armor: Robe              |     6 |     2 |    18 ||    26
Dodge: Dodged            |    38 |    10 |    76 ||   124
Block: Other             |       |       |    18 ||    18
       Reflection        |       |       |     2 ||     2
